 Dungeon Crawl Stone Soup version 0.27.0-1-g7a08968 (webtiles) character file.

Game seed: 2911107299152316532

10824 EvilChicken the Geomancer (level 11, -10/64 HPs)
             Began as a Gargoyle Earth Elementalist on Dec 10, 2021.
             Was an Elder of Vehumet.
             Mangled by a boulder beetle (24 damage)
             ... on level 11 of the Dungeon.
             The game lasted 01:06:33 (12813 turns).

EvilChicken the Geomancer (GrEE)                   Turns: 12813, Time: 01:06:34

Health: -10/64     AC: 21    Str: 15    XL:     11   Next: 68%
Magic:  4/22       EV: 12    Int: 20    God:    Vehumet [****..]
Gold:   251        SH:  4    Dex:  7    Spells: 12/25 levels left

rFire    + . .     SeeInvis .   p - +0 whip
rCold    + + .     Faith    +   z - +0 buckler {rF+}
rNeg     + + +     Spirit   .   l - +0 steam dragon scales
rPois    ∞         Reflect  .   b - +2 helmet
rElec    +         Harm     .   (no cloak)
rCorr    .         Rampage  .   x - +1 pair of gloves
Will     +....                  e - +1 pair of boots "Liacs" {Fly rN+ Will+}
Stlth    ++........             j - amulet of Cuasoerph {Faith rPois rC++ Str+4 Dex-3}
HPRegen  0.20/turn              u - ring of positive energy
MPRegen  0.18/turn              (no ring)

@: flying
A: sickness immunity, AC +8, negative energy resistance 1, electricity
resistance, torment resistance 1, petrification resistance
a: Renounce Religion


You were on level 11 of the Dungeon.
You worshipped Vehumet.
Vehumet was greatly pleased with you.
You visited 3 branches of the dungeon, and saw 13 of its levels.

You collected 657 gold pieces.
You spent 406 gold pieces at shops.

Inventory:

Hand Weapons
 p - a +0 whip (weapon)
 q - a +0 flail
Missiles
 d - 4 silver javelins (quivered)
 G - 20 boomerangs of dispersal
Armour
 b - a +2 helmet (worn)
 e - the +1 pair of boots "Liacs" (worn) {Fly rN+ Will+}
   (You acquired it on level 7 of the Dungeon)

   rN:        It protects you from negative energy.
   Fly:       It grants you flight.
   Will:      It increases your willpower.
 f - the +1 ring mail "Ophafonu" {rElec Str-3 Dex+5 SInv}
   (You found it on level 9 of the Dungeon)

   Str:       It affects your strength (-3).
   Dex:       It affects your dexterity (+5).
   rElec:     It insulates you from electricity.
   SInv:      It lets you see invisible.
 l - +0 steam dragon scales (worn)
 x - a +1 pair of gloves (worn)
 z - a +0 buckler of fire resistance (worn)
Jewellery
 j - the amulet of Cuasoerph (around neck) {Faith rPois rC++ Str+4 Dex-3}
   (You acquired it on level 6 of the Dungeon)

   [amulet of faith]

   It allows you to gain divine favour quickly.
   Str:       It affects your strength (+4).
   Dex:       It affects your dexterity (-3).
   rC:        It greatly protects you from cold.
   rPois:     It protects you from poison.
 u - a ring of positive energy (left hand)
 B - a ring of ice
Wands
 o - a wand of paralysis (17)
 s - a wand of digging (3)
 A - a wand of mindburst (16)
 E - a wand of acid (10)
 I - a wand of polymorph (7)
Scrolls
 h - 2 scrolls of fog
 k - 3 scrolls of teleportation
 v - 5 scrolls of blinking
 D - 2 scrolls of amnesia
 J - a scroll of torment {unknown}
 L - 3 scrolls of magic mapping
Potions
 a - a potion of haste
 g - 2 potions of resistance
 i - a potion of heal wounds {unknown}
 m - 2 potions of invisibility
 t - 3 potions of curing
 w - 3 potions of lignification
 F - a potion of mutation


   Skills:
 + Level 5.4 Fighting
 + Level 6.8 Maces & Flails
 + Level 5.3 Armour
 + Level 4.4 Dodging
 - Level 5.0 Stealth
 + Level 5.0 Shields
 + Level 7.5 Spellcasting
 + Level 3.2 Translocations
 - Level 0.7 Transmutations
 + Level 2.6 Ice Magic
 + Level 11.2 Earth Magic


You had 12 spell levels left.
You knew the following spells:

 Your Spells              Type           Power      Damage    Failure   Level
a - Sandblast             Erth           100%       2d20      1%          1
b - Stone Arrow           Conj/Erth      60%        3d10      1%          3
c - Blink                 Tloc           N/A        N/A       3%          2
d - Frozen Ramparts       Ice            36%        1d5       2%          3
e - Airstrike             Air            3%         N/A       22%         4

Your spell library contained the following spells:

 Spells                   Type           Power      Damage    Failure   Level
 Inner Flame              Hex/Fire       7%         N/A       7%          3
 Passwall                 Tmut/Erth      25%        N/A       1%          2
 Lesser Beckoning         Tloc           10%        N/A       7%          3
 Petrify                  Tmut/Erth      31%        N/A       8%          4
 Portal Projectile        Hex/Tloc       28%        N/A       14%         3
 Summon Guardian Golem    Hex/Summ       7%         N/A       26%         3
 Manifold Assault         Tloc           20%        N/A       54%         5
 Blade Hands              Tmut           5%         N/A       88%         5
 Excruciating Wounds      Necr           3%         N/A       94%         5
 Orb of Destruction       Conj           3%         9d1       100%        7
 Spellforged Servitor     Conj/Summ      3%         N/A       100%        7
 Borgnjor's Revivificati  Necr           3%         N/A       100%        8
 Necromutation            Tmut/Necr      4%         N/A       100%        8
 Death's Door             Necr           3%         N/A       100%        9


Dungeon Overview and Level Annotations

Branches:
Dungeon (11/15)            Temple (1/1) D:6            Lair (0/6) D:9
    Orc (1/2) D:9

Altars:
Ashenzari
Cheibriados
Dithmenos
Elyvilon
Fedhas
Gozag
Hepliaklqana
Kikubaaqudgha
Makhleb
Nemelex Xobeh
Okawaru
Qazlal
Ru
Sif Muna
Trog
Uskayaw
Vehumet
Wu Jian
Xom
Yredelemnul
Zin
The Shining One

Shops:
D:6 [   D:7 (   D:9 ?*(*[

Annotations:
D:10 Erolcha
D:11 exclusion: ice statue


Innate Abilities, Weirdness & Mutations

You are immune to sickness and miasma.
Your stone body is resilient. (AC +8)
You are immune to poison.
You resist negative energy. (rN+)
You are resistant to electric shocks. (rElec)
You are resistant to unholy torment.
You are immune to petrification.


Message History

The white imp closely misses you. You block the iron imp's attack.
Casting: Stone Arrow (safe; 1% risk of failure)
Confirm with . or Enter, or press ? or * to list all spells.
You don't have enough magic to cast this spell.
You block the ufetubus's attack. The ufetubus barely misses you.
The kobold demonologist hits you but does no damage.
The white imp misses you. The ufetubus barely misses you.
You block the ufetubus's attack. The ufetubus misses you.
The ufetubus closely misses you. The iron imp closely misses you.
The kobold demonologist hits you but does no damage.
The ufetubus barely misses you. x2
The boulder beetle curls into a ball and begins rolling!
The ufetubus closely misses you.
The ufetubus hits you but does no damage.
The kobold demonologist looks satisfied for a moment.
The ufetubus hits you but does no damage.
The ufetubus closely misses you. You block the boulder beetle's attack.
The boulder beetle stops rolling and uncurls.
The kobold demonologist gestures wildly while chanting.
The ufetubus hits you but does no damage.
The ufetubus closely misses you. The ufetubus completely misses you.
The ufetubus hits you but does no damage.
The boulder beetle curls into a ball and begins rolling!
The ufetubus barely misses you. The ufetubus closely misses you.
The ufetubus hits you but does no damage. x2
The kobold demonologist looks encouraged for a moment.
The boulder beetle hits you!
* * * LOW HITPOINT WARNING * * *
The boulder beetle stops rolling and uncurls.
The ufetubus closely misses you. The ufetubus completely misses you.
The boulder beetle curls into a ball and begins rolling!
The kobold demonologist looks braver for a moment.
The kobold demonologist looks braver for a moment.
The ufetubus hits you but does no damage. x2
The iron imp disappears in a puff of smoke!
The boulder beetle hits you!!
You die...

#...#....#............## ≈≈
#|..######.............##5≈.
#......................≈45..
......................≈≈≈.##.##.≈
.....................#≈≈..#!?$#..
....................##≈≈...)8$...
.....................#≈≈..#$)$#..
.........)######......≈≈≈.##.##.≈
######'#<.# #@......≈4≈....4≈≈
.......#..# #5B.....##≈4...44#
.......#..# #..°...###≈≈4≈≈≈≈#
.......#..# #..4...##..≈≈≈≈≈..
.......#..# #...........###...
.......#..# #............#....
########..# #.................
.... .....(....§.........
..........5K.........


You could see a boulder beetle (rolling), a rust devil (summoned) and an
ufetubus (summoned).

Vanquished Creatures
  Harold (D:10)
  A two-headed ogre (D:11)
  A gargoyle (D:11)
  2 komodo dragons
  2 ice devils (D:11)
  A troll (D:10)
  3 slime creatures (D:11)
  A hornet (D:9)
  3 wyverns
  Grum (D:8)
  4 yaks (D:9)
  2 steam dragons
  A warg (Orc:1)
  A water moccasin (D:6)
  9 orc warriors
  An ice beast (D:6)
  6 necrophages
  2 black bears
  2 wolves (D:8)
  2 ogres
  6 centaurs
  3 phantoms
  2 kobold brigands
  2 bullfrogs (D:9)
  A wyvern zombie (D:6)
  4 gnoll sergeants
  2 scorpions
  5 killer bees
  3 wights (D:8)
  3 howler monkeys
  7 centaur zombies
  6 orc priests
  A hound (D:5)
  3 jellies
  2 bullfrog skeletons
  2 centaur skeletons
  A human zombie (D:9)
  Jessica (D:2)
  7 orc wizards
  5 iguanas
  A hound skeleton (D:4)
  A mummy (D:9)
  2 howler monkey zombies (D:9)
  A howler monkey skeleton (D:6)
  20 gnolls
  7 adders
  A shadow imp (D:5)
  2 white imps (D:6)
  4 ufetubi (D:11)
  An adder skeleton (D:4)
  3 worms
  3 dart slugs
  30 orcs
  11 endoplasms
  4 giant cockroaches (D:2)
  8 goblins
  4 hobgoblins
  3 jackals (D:4)
  18 kobolds
  3 quokkas
  9 ball pythons
  7 bats
  A quokka skeleton (D:4)
  5 rats
261 creatures vanquished.

Vanquished Creatures (others)
  18 plants
18 creatures vanquished.

Grand Total: 279 creatures vanquished

Notes
Turn   | Place    | Note
-------+----------+-------------------------------------------
     0 | D:1      | EvilChicken the Gargoyle Earth Elementalist began the quest
                  | for the Orb.
     0 | D:1      | Reached XP level 1. HP: 10/10 MP: 3/3
   475 | D:1      | Reached skill level 4 in Earth Magic
   475 | D:1      | Reached XP level 2. HP: 15/15 MP: 0/5
  1015 | D:1      | Found a faded altar of an unknown god.
  1112 | D:1      | Reached XP level 3. HP: 19/19 MP: 4/6
  1446 | D:2      | Reached XP level 4. HP: 24/24 MP: 6/8
  1646 | D:2      | Noticed Jessica
  1647 | D:2      | Killed Jessica
  1648 | D:2      | Reached skill level 5 in Earth Magic
  1726 | D:2      | Noticed a phantom
  1734 | D:2      | Killed a phantom
  1735 | D:2      | Reached XP level 5. HP: 18/28 MP: 5/10
  2385 | D:3      | Found a blossoming altar of Fedhas.
  2407 | D:3      | Reached skill level 6 in Earth Magic
  2407 | D:3      | Reached XP level 6. HP: 32/32 MP: 7/12
  2654 | D:3      | Reached skill level 1 in Maces & Flails
  3019 | D:5      | Entered Level 5 of the Dungeon
  3412 | D:4      | Noticed a necrophage
  3421 | D:4      | Reached XP level 7. HP: 29/36 MP: 11/13
  3529 | D:4      | Found a shadowy altar of Dithmenos.
  3547 | D:4      | Reached skill level 5 in Spellcasting
  3547 | D:4      | Reached skill level 7 in Earth Magic
  3662 | D:4      | You fall into a shaft and drop 3 floors!
  3722 | D:7      | Identified a scroll of acquirement
  3722 | D:7      | Acquired the +1 pair of boots "Liacs" {Fly rN+ Will+}
  4277 | D:4      | Found a basalt altar of Yredelemnul.
  4334 | D:4      | Found a white marble altar of Elyvilon.
  4592 | D:5      | Reached XP level 8. HP: 39/41 MP: 9/16
  4813 | D:5      | Found an opulent altar of Gozag.
  5361 | D:6      | Acquired the amulet of Cuasoerph {Faith rPois rC++ Str+4
                  | Dex-3}
  5432 | D:6      | Reached skill level 8 in Earth Magic
  5439 | D:6      | Learned a level 3 spell: Stone Arrow
  5537 | D:6      | Found a staircase to the Ecumenical Temple.
  5595 | Temple   | Entered the Ecumenical Temple
  5727 | Temple   | Became a worshipper of Vehumet
  5790 | D:6      | Reached skill level 1 in Fighting
  5790 | D:6      | Reached skill level 1 in Armour
  6258 | D:6      | Reached XP level 9. HP: 48/48 MP: 13/18
  6331 | D:6      | Found Casixkih's Armour Shoppe.
  6340 | D:6      | Bought a +0 buckler of fire resistance for 126 gold pieces
  6488 | D:6      | Found a hide-covered altar of Uskayaw.
  6605 | D:7      | Reached skill level 5 in Maces & Flails
  6605 | D:7      | Reached skill level 9 in Earth Magic
  6693 | D:7      | Reached skill level 1 in Shields
  6806 | D:7      | Found Coab's Antique Weapon Shoppe.
  6839 | D:7      | Reached * piety under Vehumet
  6839 | D:7      | Offered knowledge of Shock by Vehumet.
  7906 | D:8      | Noticed Grum
  7918 | D:8      | Killed Grum
  8104 | D:9      | Found Ahoommif's Armour Boutique.
  8104 | D:9      | Found a staircase to the Orcish Mines.
  8398 | D:8      | Reached XP level 10. HP: 35/56 MP: 16/19
  8599 | D:8      | Reached ** piety under Vehumet
  8599 | D:8      | Offered knowledge of Poisonous Vapours by Vehumet.
  8616 | D:8      | Learned a level 2 spell: Blink
  8839 | D:9      | Reached skill level 10 in Earth Magic
  9031 | D:9      | Reached skill level 1 in Translocations
  9188 | D:9      | Found a staircase to the Lair.
  9419 | D:10     | Entered Level 10 of the Dungeon
  9589 | D:9      | Identified the +1 ring mail "Ophafonu" {rElec Str-3 Dex+5
                  | SInv}
  9751 | D:9      | Found Unkuof's Antique Weapon Emporium.
  9751 | D:9      | Found Tyhick's General Store.
  9753 | D:9      | Found Webowk's Magic Scroll Emporium.
  9755 | D:9      | Found Atwuvooh's Assorted Antiques.
  9762 | D:9      | Reached skill level 5 in Stealth
  9841 | D:9      | Bought a scroll labelled HUHU RA PUNO for 28 gold pieces
  9841 | D:9      | Bought a scroll labelled VIOFFAINENNE for 28 gold pieces
  9844 | D:9      | Bought a potion of curing for 45 gold pieces
  9844 | D:9      | Bought a scroll of fog for 30 gold pieces
  9844 | D:9      | Bought a scroll of noise for 15 gold pieces
  9844 | D:9      | Bought a scroll of identify for 30 gold pieces
  9850 | D:9      | Bought a scroll of teleportation for 48 gold pieces
  9850 | D:9      | Bought a scroll of magic mapping for 56 gold pieces
 10129 | D:9      | Offered knowledge of Frozen Ramparts by Vehumet.
 10134 | D:9      | Learned a level 3 spell: Frozen Ramparts
 10151 | D:9      | Found an ancient bone altar of Kikubaaqudgha.
 10195 | D:9      | Reached *** piety under Vehumet
 10415 | D:9      | Found a shimmering blue altar of Sif Muna.
 10421 | D:9      | Found an ornate altar of the Wu Jian Council.
 10421 | D:9      | Found a bloodstained altar of Trog.
 10424 | D:9      | Found a snail-covered altar of Cheibriados.
 10425 | D:9      | Found a burning altar of Makhleb.
 10426 | D:9      | Found a stormy altar of Qazlal.
 10550 | D:10     | Offered knowledge of Airstrike by Vehumet.
 10556 | D:10     | Learned a level 4 spell: Airstrike
 10561 | D:10     | Reached XP level 11. HP: 62/62 MP: 10/21
 10562 | D:10     | Noticed Harold
 10595 | D:10     | Killed Harold
 10596 | D:10     | Reached skill level 1 in Ice Magic
 10787 | D:11     | Reached skill level 11 in Earth Magic
 10952 | D:10     | Noticed Erolcha
 11045 | Orc:1    | Entered Level 1 of the Orcish Mines
 11088 | Orc:1    | Noticed an orc high priest
 11100 | D:9      | Reached skill level 5 in Fighting
 11251 | D:10     | Reached **** piety under Vehumet
 11252 | D:10     | Reached skill level 5 in Armour
 11660 | D:11     | Noticed a two-headed ogre
 11680 | D:11     | Killed a two-headed ogre
 12759 | D:11     | Noticed a boulder beetle
 12778 | D:11     | Offered knowledge of Inner Flame by Vehumet.
 12786 | D:11     | Reached skill level 5 in Shields
 12813 | D:11     | Mangled by a boulder beetle

Illustrated notes

Levels and vault maps discovered:
D:1:      minmay_arrival_three_doors, layout_loops_ring,
          chequers_ecumenical_altar_grove
D:2:      layout_basic, chequers_serial_rivers_micro_b, minmay_split_cup_large,
          uniq_jessica
D:3:      layout_basic, fedhas_altar_2
D:4:      layout_loops_ring, kennysheep_ying_yang, overflow_temple_1_default,
          minmay_small_thing
D:5:      layout_basic, mainiacjoe_overflow_brackets, kennysheep_cluttered_room
D:6:      layout_rooms, marbit_many_paths, minmay_temple_entry_wispy,
          serial_shops, shop, dk_noncrumbling_2, st_stairs_5, kennysheep_path_1
D:7:      layout_rooms, serial_shops, shop_fountains
D:8:      layout_basic, minmay_unpleasant_kobolds, uniq_grum
D:9:      layout_cave_pools, lemuel_mausoleum_altar_kikubaaqudgha, minitemple,
          david_lair_shrubbed, orc_david_3, minmay_shop_grid_forest
D:10:     layout_rooms, serial_bayou_pond_c, uniq_erolcha, uniq_harold
D:11:     cheibrodos_frozen_isle, layout_irregular_city
Temple:   nicolae_temple_figure_zero
Orc:1:    layout_caves, basic_altar, nicolae_orc_tapped_out

Skill      XL: |  1  2  3  4  5  6  7  8  9 10 11 |
---------------+----------------------------------+-----
Earth Magic    | 4 5 6 7 8 9 10 11 | 11.2
Spellcasting   | 3 4 5 6 7 |  7.5
Maces & Flails | 2 3 4 5 6 |  6.8
Fighting       | 1 3 4 5 |  5.4
Armour         | 1 3 4 5 |  5.3
Dodging        | 2 3 4 |  4.4
Stealth        | 3 4 5 |  5.0
Shields        | 2 4 5 |  5.0
Translocations | 2 3 |  3.2
Ice Magic      | 2 |  2.6
Transmutations | |  0.7

Action                   |  1- 3 |  4- 6 |  7- 9 | 10-12 || total
-------------------------+-------+-------+-------+-------++-------
Melee: Whip              |       |       |     2 |    19 ||    21
Throw: Javelin           |    13 |    41 |    58 |     8 ||   120
       Stone             |       |     2 |       |       ||     2
 Cast: Sandblast         |    31 |    55 |   181 |   178 ||   445
       Stone Arrow       |       |       |     5 |   114 ||   119
       Frozen Ramparts   |       |       |       |     4 ||     4
Evoke: Wand              |       |       |       |     1 ||     1
  Use: Scroll            |       |       |    15 |     4 ||    19
Armor: Robe              |     1 |     2 |       |       ||     3
       Leather armour    |       |     7 |    54 |     4 ||    65
       Ring mail         |       |       |       |    12 ||    12
       Steam dragon scal |       |       |       |    41 ||    41
Dodge: Dodged            |     5 |    19 |    76 |    84 ||   184
Block: Buckler           |       |       |     4 |    20 ||    24
